 Dungeon Crawl Stone Soup version 0.30-a0-377-g5cb311bc9f (webtiles) character file.

Game seed: 8839442773437492059

18669 ragingrage the Slicer (level 12, -23/66 HPs)
             Began as a Vine Stalker Brigand on Nov 29, 2022.
             Was a High Priest of Uskayaw.
             Annihilated by a titanic slime creature (72 damage)
             ... on level 14 of the Dungeon.
             The game lasted 00:17:38 (10341 turns).

ragingrage the Slicer (Vine Stalker Brigand)       Turns: 10341, Time: 00:17:39

Health: -23/66     AC: 23    Str: 15    XL:     12   Next: 60%
Magic:  0/20       EV: 18    Int: 11    God:    Uskayaw [*****.]
Gold:   871        SH:  0    Dex: 20    Spells: 11/11 levels left

rFire   . . .      SeeInvis .    a - +1 dagger (drain)
rCold   . . .      Faith    .    (no shield)
rNeg    + . .      Spirit   +    j - +13 Cigotuvi's embrace {rMiasma Drain rN+}
rPois   +          Reflect  .    t - +2 hat
rElec   .          Harm     .    O - +1 cloak
rCorr   .          Rampage  .    (no gloves)
Will    +....                    U - +1 pair of boots
Stlth   ++++......               p - amulet of regeneration
HPRegen 1.91/turn                q - +4 ring of evasion
MPRegen 0.17/turn                G - ring of poison resistance

@: about to teleport, studying Armour
A: fangs 3, regeneration 1, magic shield, antimagic bite, no potion heal 2
a: Renounce Religion, Stomp, Line Pass, Grand Finale


You were on level 14 of the Dungeon.
You worshipped Uskayaw.
Uskayaw was aware of your devotion.
You visited 2 branches of the dungeon, and saw 16 of its levels.
You also visited: Ossuary.

You collected 871 gold pieces.

Inventory:

Hand Weapons
 a - a +1 dagger of draining (weapon)
 b - a +2 falchion of holy wrath
 A - a +3 short sword
 I - a +4 dagger
 J - a +2 long sword
 K - a +0 shortbow of flaming
 T - the +1 dagger "Eqoqotad" {speed, +Blink Will+}
   (You found it on level 9 of the Dungeon)

   Attacks with this weapon are significantly faster.
   +Blink:    It lets you blink.
   Will:      It increases your willpower.
 X - a +4 scimitar of flaming
Missiles
 d - 50 poisoned darts (quivered)
 e - 5 curare-tipped darts
 F - 11 atropa-tipped darts
Armour
 j - the +13 Cigotuvi's embrace (worn) {rMiasma Drain rN+}
   (You found it on level 10 of the Dungeon)

   It gathers nearby corpses to temporarily increase the armour it provides.
   It protects you from foul pestilence.
   rN:        It protects you from negative energy.
   Drain:     It drains your maximum health when unequipped.
 t - a +2 hat (worn)
 O - a +1 cloak (worn)
 P - a +1 leather armour of fire resistance
 U - a +1 pair of boots (worn)
 Y - a +2 robe of cold resistance
Jewellery
 p - an amulet of regeneration (around neck)
 q - a +4 ring of evasion (left hand)
 B - a ring of magical power
 D - a ring of protection from cold
 G - a ring of poison resistance (right hand)
Wands
 C - a wand of iceblast (4)
 S - a wand of charming (11)
Scrolls
 g - 5 scrolls of teleportation
 k - 2 scrolls of fear
 m - 3 scrolls of magic mapping
 u - a scroll of butterflies {unknown}
 v - 3 scrolls of blinking
 y - 2 scrolls of enchant weapon {unknown}
 E - 2 scrolls of torment {unknown}
 Q - 2 scrolls of noise {unknown}
 V - 2 scrolls of enchant armour {unknown}
 W - 2 scrolls of vulnerability {unknown}
Potions
 f - 3 potions of brilliance
 h - 3 potions of berserk rage
 i - 5 potions of mutation
 l - 4 potions of curing
 n - 2 potions of might
 o - 2 potions of magic
 w - 5 potions of attraction {unknown}
 x - 4 potions of heal wounds {unknown}
 z - 5 potions of lignification {unknown}
 L - a potion of invisibility {unknown}
 M - a potion of cancellation {unknown}
 N - 3 potions of haste {unknown}
 R - 2 potions of flight {unknown}
Miscellaneous
 c - a phantom mirror (inert)
 Z - a phial of floods


   Skills:
 + Level 9.0 Fighting
 - Level 10.0 Short Blades
 - Level 1.7 Throwing
 - Level 8.0 Armour
 - Level 5.0 Dodging
 - Level 10.0 Stealth
 + Level 9.8 Invocations


You had 11 spell levels left.
You didn't know any spells.
Your spell library contained the following spells:

 Spells                   Type           Power      Damage    Failure   Level
 Sting                    Tmut/Pois      0%         1d3       38%         1
 Poisonous Vapours        Pois/Air       0%         N/A       54%         2
 Inner Flame              Hex/Fire       0%         N/A       77%         3
 Tukima's Dance           Hex            0%         N/A       77%         3
 Animate Armour           Summ/Erth      0%         N/A       99%         4
 Cause Fear               Hex            0%         N/A       99%         4
 Olgreb's Toxic Radiance  Pois           0%         N/A       99%         4
 Passage of Golubria      Tloc           0%         N/A       99%         4
 Blade Hands              Tmut           0%         N/A       100%        5
 Yara's Violent Unravell  Hex/Tmut       0%         3d3       100%        5
 Iron Shot                Conj/Erth      0%         9d1       100%        6
 Discord                  Hex            0%         N/A       100%        8


Dungeon Overview and Level Annotations

Branches:
Dungeon (15/15)            Temple (1/1) D:4            Lair (0/5) D:11
    Orc (0/2) D:11         Depths (0/4) D:15        Ossuary (visited)
 Vaults: D:13-14

Altars:
Ashenzari
Cheibriados
Dithmenos
Elyvilon
Fedhas
Gozag
Hepliaklqana
Kikubaaqudgha
Makhleb
Nemelex Xobeh
Okawaru
Qazlal
Ru
Sif Muna
Trog
Uskayaw
Vehumet
Wu Jian
Xom
Yredelemnul
Zin
The Shining One

Annotations:
D:5 3 runed translucent doors, Lobster4's ghost, novice DEHW; bande's ghost, amateur GrFi; purpskrrrp's ghost, amateur MiHu; qeuew's ghost, novice TeAE; thurberlil's ghost, amateur HOHu
D:9 exclusion: orange crystal statue
D:11 2 transporters, exclusion: 3 oklob plants, KennySheep's ghost, journeyman DECj


Innate Abilities, Weirdness & Mutations

You have razor-sharp teeth.
Your natural rate of healing is unusually fast.
When hurt, damage is shared between your health and your magic reserves.
Your bite disrupts and absorbs the magic of your enemies.
Potions cannot restore your health.


Message History

You bite the boulder beetle, but do no damage.
The vampire mosquito is no longer paralysed.
The vampire mosquito closely misses you.
A boggart comes into view.
The boulder beetle misses you.
The vampire mosquito attacks as you move away!
The vampire mosquito misses you. The vampire mosquito bites you.
The vampire mosquito draws strength from your injuries!
Uskayaw prepares the audience for your solo!
The helpless vampire mosquito fails to defend itself.
You perforate the vampire mosquito like a sieve!!!!
You destroy the vampire mosquito!
Your shell of carrion and bone grows thicker.
Uskayaw will force your foes to share their pain.
A boggart comes into view.
Two slime creatures merge to form a titanic slime creature.
The helpless boulder beetle fails to defend itself.
You skewer the boulder beetle like a kebab!!!!
You kill the boulder beetle!
You can now merge with and destroy a victim.
Your Fighting skill increases to level 9!
A chunk of your corpse armour falls away.
The boggart mumbles some strange words.
The boggart flickers and vanishes!
Deactivating autopickup; reactivate with Ctrl-A.
You hear some strange, mumbled words.
As you read the scroll of teleportation, it crumbles to dust.
You feel strangely unstable.
The boggart casts a spell.
A slime creature merges with something you can't see.
The titanic slime creature attacks as you move away!
The titanic slime creature hits you!!
A boggart comes into view.
Two slime creatures merge to form a large slime creature.
The titanic slime creature attacks as you move away!
The titanic slime creature closely misses you.
The titanic slime creature attacks as you move away!
The titanic slime creature hits you!!!!
Ouch! That really hurt!
You die...

#............
#########..J.........
...........B○JyJ.......
...........○.#g####....
...........JB#.#### .
..........°..#....+
.............#c####
#........J....#J#
#.............#@#
#.............#.#
#.......######.#
.##.......# ...
..........# ...
..........# .....
..........# .....
.##.......# .......
..........#


You could see a titanic slime creature, a large slime creature (summoned), 2
slime creatures, a centaur warrior (summoned), a vampire mosquito and a boggart.

Vanquished Creatures
  Erolcha (D:11)
  Erica (D:10)
  A centaur warrior (D:13)
  2 boulder beetles
  A deep elf pyromancer (D:14)
  A cyclops (D:11)
  A manticore (D:11)
  2 ugly things
  An elephant (D:11)
  A gargoyle (D:13)
  Joseph (D:8)
  2 kobold demonologists (D:13)
  2 trolls (D:7)
  3 hellwings (D:10)
  A hornet (D:9)
  5 wraiths
  A shadow (D:10)
  16 yaks
  A basilisk (D:11)
  2 wyverns
  4 vampire mosquitoes
  An acid dragon (D:10)
  Duvessa (D:4)
  4 water moccasins
  2 sky beasts
  3 black bears
  7 orc warriors
  3 ogres
  2 centaurs
  2 phantoms
  4 elf zombies (Ossuary)
  5 kobold brigands
  A necrophage (D:7)
  3 gnoll sergeants
  2 bullfrogs
  2 scorpions (D:7)
  8 wights
  Dowan (D:4)
  16 killer bees
  2 electric eels (D:8)
  6 howler monkeys
  5 centaur zombies
  7 hounds
  5 human zombies (Ossuary)
  2 jellies
  7 orc priests
  Natasha (thrice) (D:3)
  4 iguanas (D:5)
  10 orc wizards
  Terence (D:3)
  A boggart skeleton (D:10)
  3 mummies (Ossuary)
  8 gnolls
  6 adders
  2 shadow imps
  A white imp (D:7)
  3 ufetubi
  A worm (D:2)
  A dart slug (D:1)
  47 orcs
  8 endoplasms
  A giant cockroach (D:3)
  2 goblins
  7 hobgoblins
  18 kobolds
  5 quokkas
  5 ball pythons
  6 bats
  3 frilled lizards
  7 rats
304 creatures vanquished.

Vanquished Creatures (others)
  A wizard (D:8)
  A slime creature (D:8)
  12 plants
14 creatures vanquished.

Grand Total: 318 creatures vanquished

Notes
Turn   | Place    | Note
-------+----------+-------------------------------------------
     0 | D:1      | ragingrage the Vine Stalker Brigand began the quest for the
                  | Orb.
     0 | D:1      | Reached XP level 1. HP: 11/11 MP: 2/2
    41 | D:1      | Reached skill level 5 in Stealth
    82 | D:1      | Reached XP level 2. HP: 15/15 MP: 3/3
   450 | D:2      | Reached XP level 3. HP: 18/18 MP: 4/4
   706 | D:2      | Reached skill level 1 in Armour
   754 | D:2      | Found a faded altar of an unknown god.
   951 | D:2      | Found a radiant altar of Vehumet.
  1095 | D:2      | Gained mutation: Your natural rate of healing is unusually
                  | fast. [Vine Stalker growth]
  1095 | D:2      | Reached XP level 4. HP: 22/23 MP: 5/5
  1377 | D:3      | Reached XP level 5. HP: 26/26 MP: 6/6
  1699 | D:3      | Noticed Terence
  1708 | D:3      | Killed Terence
  1880 | D:3      | Noticed Natasha
  1895 | D:3      | Killed Natasha
  1896 | D:3      | Reached XP level 6. HP: 30/30 MP: 7/7
  2085 | D:3      | Noticed Natasha
  2102 | D:3      | Killed Natasha
  2517 | D:3      | Noticed Natasha
  2530 | D:3      | Killed Natasha
  2613 | D:4      | Found a staircase to the Ecumenical Temple.
  2631 | Temple   | Entered the Ecumenical Temple
  2642 | Temple   | Reached skill level 5 in Short Blades
  2662 | Temple   | Became a worshipper of Uskayaw the Reveller
  2766 | D:4      | Reached * piety under Uskayaw
  2784 | D:4      | Noticed Duvessa
  2784 | D:4      | Noticed Dowan
  2793 | D:4      | Reached ** piety under Uskayaw
  2808 | D:4      | Killed Duvessa
  2808 | D:4      | Reached *** piety under Uskayaw
  2809 | D:4      | Reached XP level 7. HP: 27/34 MP: 5/8
  2809 | D:4      | Killed Dowan
  2813 | D:4      | Reached **** piety under Uskayaw
  2819 | D:4      | Reached ***** piety under Uskayaw
  3133 | D:4      | Found a shadowy altar of Dithmenos.
  3133 | D:4      | Found a burning altar of Makhleb.
  3402 | D:5      | Entered Level 5 of the Dungeon
  3439 | D:5      | Found an ancient bone altar of Kikubaaqudgha.
  3472 | D:5      | Reached skill level 1 in Invocations
  3678 | D:5      | Gained mutation: You have razor-sharp teeth. [Vine Stalker
                  | growth]
  3678 | D:5      | Reached XP level 8. HP: 38/38 MP: 10/10
  3759 | D:5      | Found an iron altar of Okawaru.
  3803 | D:5      | Noticed purpskrrrp's ghost (amateur MiHu)
  3804 | D:5      | Found a runed translucent gate.
  3805 | D:5      | Found a runed translucent gate.
  3805 | D:5      | Found a runed translucent gate.
  3805 | D:5      | Noticed Lobster4's ghost (novice DEHW)
  3805 | D:5      | Noticed bande's ghost (amateur GrFi)
  3805 | D:5      | Noticed qeuew's ghost (novice TeAE)
  3806 | D:5      | Noticed thurberlil's ghost (amateur HOHu)
  4927 | D:7      | Reached XP level 9. HP: 33/42 MP: 9/11
  4927 | D:7      | Reached ****** piety under Uskayaw
  5150 | D:7      | Reached skill level 10 in Short Blades
  5181 | D:7      | Reached skill level 1 in Dodging
  5295 | D:7      | Noticed a troll
  5311 | D:7      | Killed a troll
  5311 | D:7      | Noticed a troll
  5320 | D:7      | Reached XP level 10. HP: 49/49 MP: 13/13
  5871 | D:8      | Noticed Joseph
  5883 | D:8      | Killed Joseph
  5884 | D:8      | Reached skill level 5 in Armour
  5972 | D:8      | Found a sand-covered staircase.
  5977 | Ossuary  | Entered an ossuary
  6463 | D:8      | Noticed a centaur warrior
  6463 | D:8      | Noticed a skeletal warrior
  6463 | D:8      | Noticed a centaur warrior
  6472 | D:8      | Noticed a centaur warrior
  6472 | D:8      | Noticed a gargoyle
  6472 | D:8      | Noticed a seven-headed hydra
  6675 | D:8      | Found a bloodstained altar of Trog.
  6676 | D:8      | Noticed a wizard
  6681 | D:8      | Killed a wizard
  6949 | D:9      | Noticed an orange crystal statue
  7058 | D:8      | Reached skill level 10 in Stealth
  7058 | D:8      | Reached skill level 5 in Invocations
  7130 | D:9      | Identified the +1 dagger "Eqoqotad" {speed, +Blink Will+}
  7149 | D:9      | Reached XP level 11. HP: 53/54 MP: 15/15
  7167 | D:9      | Reached skill level 5 in Fighting
  7449 | D:9      | Paralysed by a hornet for 1 turns
  7521 | D:9      | Found an opulent altar of Gozag.
  7804 | D:10     | Entered Level 10 of the Dungeon
  7849 | D:10     | Noticed Erica
  7859 | D:10     | Killed Erica
  7964 | D:10     | Reached skill level 5 in Dodging
  8066 | D:10     | Found the +4 Cigotuvi's embrace {rMiasma Drain rN+}
  8739 | D:11     | Found a staircase to the Orcish Mines.
  8824 | D:11     | Found a transporter.
  8834 | D:11     | Noticed a manticore
  8834 | D:11     | Noticed a cyclops
  8834 | D:11     | Noticed KennySheep's ghost (journeyman DECj)
  8835 | D:11     | Noticed a two-headed ogre
  8868 | D:11     | Noticed a boulder beetle
  8870 | D:11     | Killed a boulder beetle
  8935 | D:11     | Found a transporter.
  8943 | D:11     | Noticed Erolcha
  8944 | D:11     | Noticed an oklob plant
  8944 | D:11     | Noticed an oklob plant
  8962 | D:11     | Killed Erolcha
  8963 | D:11     | Reached XP level 12. HP: 63/63 MP: 18/18
  8991 | D:11     | Found a staircase to the Lair.
  9469 | D:11     | Noticed a rakshasa
  9479 | D:11     | Noticed a two-headed ogre
 10045 | D:13     | Noticed a centaur warrior
 10052 | D:13     | Killed a centaur warrior
 10219 | D:13     | You fall into a shaft and drop 2 floors!
 10219 | D:15     | Entered Level 15 of the Dungeon
 10231 | D:15     | Noticed a centaur warrior
 10310 | D:14     | Noticed a boulder beetle
 10336 | D:14     | Killed a boulder beetle
 10339 | D:14     | Noticed a centaur warrior
 10341 | D:14     | Annihilated by a titanic slime creature

Illustrated notes

Levels and vault maps discovered:
D:1:      tarquinn_simple_flora_water_e, layout_rooms
D:2:      layout_rooms, basic_altar, shapermc_ecumenical_altar_starsandcircs,
          minmay_tetromino_l2
D:3:      layout_loops_ring, minmay_fountain_box, nrook_uturn, uniq_natasha,
          uniq_terence
D:4:      layout_basic, amethyst_overflow_temple_binary,
          minmay_temple_entry_drinking_statues, uniq_duvessa
D:5:      layout_basic, mainiacjoe_overflow_concentric_impassable,
          mainiacjoe_overflow_alcove_4, gammafunk_ghost_cemetery
D:6:      layout_basic
D:7:      minmay_the_grid_four_pointed_star
          [minmay_the_grid_triangle_9x9_negative_grid,
          minmay_the_grid_triangle_9x9_dagger,
          minmay_the_grid_triangle_9x9_shrine,
          minmay_the_grid_triangle_9x9_skeleton,
          minmay_the_grid_prize_inner_circle], layout_loops_ring,
          chequers_serial_rivers_micro_b, chequers_big_river,
          amcnicky_mini_rare_corridor_liquid
D:8:      layout_basic, trog_wizard, serial_bayou, serial_bayou_crossing,
          serial_bayou_shore_a, serial_bayou_pond_e, serial_bayou_shore_b,
          enter_ossuary_2, minivault_12, uniq_joseph
D:9:      layout_big_octagon, mainiacjoe_overflow_24_doors,
          minmay_protected_statue
D:10:     layout_long_grid, hellmonk_guarded_unrand_cigotuvi, uniq_erica
D:11:     layout_irregular_city, david_lair_generic, david_orc_3,
          nzn_ghost_randoct, kennysheep_big_empty_room, disabler_island,
          uniq_erolcha
D:12:     layout_roguey
D:13:     layout_cave_pods, skrybe_vaults_entry_preservation, uniq_nessos
D:14:     layout_basic, uniq_louise
D:15:     gammafunk_enter_depths_forms, layout_irregular_city,
          minmay_splitting_lines
Temple:   lightli_temple_of_artemis

Skill      XL: |  1  2  3  4  5  6  7  8  9 10 11 12 |
---------------+-------------------------------------+-----
Short Blades   | 2 3 4 5 6 9 10 | 10.0
Stealth        | 5 6 7 8 10 | 10.0
Armour         | 1 2 4 6 8 |  8.0
Invocations    | 1 3 5 7 9 |  9.8
Dodging        | 2 4 5 |  5.0
Fighting       | 3 4 7 9 |  9.0
Throwing       | |  1.7

Action                   |  1- 3 |  4- 6 |  7- 9 | 10-12 || total
-------------------------+-------+-------+-------+-------++-------
Melee: Dagger            |    84 |       |       |   302 ||   386
       Bite              |    29 |    43 |    89 |   327 ||   488
       Punch             |     4 |     1 |     7 |    15 ||    27
       Short sword       |    16 |   149 |   329 |   367 ||   861
       Falchion          |       |       |       |   148 ||   148
Throw: Dart              |       |     2 |       |     5 ||     7
Evoke: Phantom mirror    |       |       |       |     1 ||     1
  Use: Scroll            |       |       |       |    13 ||    13
       Potion            |       |       |       |     1 ||     1
 Stab: Sleeping          |     6 |     5 |     7 |    16 ||    34
       Distracted        |       |     1 |       |     1 ||     2
       Paralysed         |       |       |    10 |    42 ||    52
Armor: Robe              |    10 |       |       |    71 ||    81
       Ring mail         |    28 |    30 |    62 |     9 ||   129
       Leather armour    |       |       |       |    92 ||    92
Dodge: Dodged            |    68 |    65 |   125 |   579 ||   837

Table legend: (Time is in decaauts)
 A = Elapsed time spent in this place.
 B = Non-inter-level travel time spent in this place.
 C = Inter-level travel time spent in this place.
 D = Time resting spent in this place.
 E = Time spent auto-exploring this place.
 F = Levels seen in this place.
 G = Mean time per level.
                   A        B        C        D        E       F      G
               +--------+--------+--------+--------+--------+-----+--------+
         Total |   9847 |   9409 |    438 |    467 |   6318 |  17 |  579.2 |
       Dungeon |   9575 |   9148 |    427 |    467 |   6171 |  15 |  638.3 |
        Temple |    125 |    114 |     11 |      0 |     84 |   1 |  125.0 |
       Ossuary |    146 |    146 |      0 |      0 |     63 |   1 |  146.0 |
               +--------+--------+--------+--------+--------+-----+--------+

Top non-repeatable levels by time:
     D:3: 1308 daAuts
     D:8: 966 daAuts
     D:7: 883 daAuts
    D:10: 879 daAuts
    D:11: 851 daAuts
     D:5: 758 daAuts
     D:9: 683 daAuts
     D:2: 677 daAuts
     D:4: 665 daAuts
     D:6: 657 daAuts
     D:1: 572 daAuts
    D:13: 481 daAuts
 Ossuary: 146 daAuts
  Temple: 125 daAuts
    D:12: 80 daAuts
